 Dungeon Crawl Stone Soup version 0.20.1-2-g1830e616b0 (webtiles) character file.

85 Alfie the Shooter (level 4, -1/57 HPs)
             Began as a Minotaur Hunter on Feb 10, 2020.
             Succumbed to a gnoll's poison
             ... on level 3 of the Dungeon.
             The game lasted 00:04:59 (1846 turns).

Alfie the Shooter (Minotaur Hunter)                 Turns: 1846, Time: 00:05:00

Health: -1/57      AC:  3    Str: 23    XL:     4   Next: 25%
Magic:  3/3        EV: 12    Int:  8    God:
Gold:   102        SH:  0    Dex: 10    Spells: 3/3 levels left

rFire    . . .     SeeInvis .   b - +1 short sword
rCold    . . .     Gourm    .   (no shield)
rNeg     . . .     Faith    .   c - +0 leather armour
rPois    .         Spirit   .   (helmet restricted)
rElec    .         Reflect  .   (no cloak)
rCorr    .         Harm     .   (no gloves)
MR       .....                  (no boots)
Stlth    ..........             (no amulet)
Regen    0.2/turn               (no ring)
MPRegen  0.1/turn               (no ring)

@: berserking, lethally poisoned (-1 -> -46), very quick
A: retaliatory headbutt, horns 2
a: no special abilities


You were on level 3 of the Dungeon.
You were not hungry.

You visited 1 branch of the dungeon, and saw 3 of its levels.

You collected 102 gold pieces.

Inventory:

Hand Weapons
 a - a +1 shortbow
 b - a +1 short sword (weapon)
Missiles
 d - 5 arrows
 k - 8 poisoned needles
Armour
 c - a +0 leather armour (worn)
 m - a +0 cloak
Potions
 e - 3 potions of berserk rage
 g - 2 potions of flight {unknown}
 i - a potion of cancellation {unknown}
 j - a potion of curing {unknown}
 l - a potion of lignification {unknown}
 o - a potion of brilliance {unknown}
Comestibles
 f - 5 bread rations
 h - 3 meat rations
 n - 2 royal jellies


   Skills:
 + Level 3.2 Fighting
 + Level 5.6 Bows
 + Level 1.3 Armour
 + Level 2.3 Dodging
 + Level 1.1 Stealth


You had 3 spell levels left.
You didn't know any spells.

Dungeon Overview and Level Annotations

Branches:
Dungeon (3/15)

Altars:


Innate Abilities, Weirdness & Mutations

You reflexively headbutt those who attack you in melee.
You have a pair of horns on your head.


Message History

You feel sick. The hound bites you but does no damage.
The gnoll barely misses you.
You hit the hound.
The hound is severely wounded.
You feel sick. The hound bites you.
The gnoll hits you from afar with a halberd of venom!
You are lethally poisoned!
The hound closely misses you.
You miss the hound.
The hound is severely wounded.
You feel sick. The hound bites you but does no damage.
The gnoll hits you from afar with a halberd of venom!
* * * LOW HITPOINT WARNING * * *
You are more poisoned.
The hound bites you.
* * * LOW HITPOINT WARNING * * *
It was a potion of berserk rage.
A red film seems to cover your vision as you go berserk!
You feel yourself moving faster!
You feel mighty!
You die...

#### ### #..#
#...#..### #...#P...#
#...'g...# #+#+#P.#.#
#..#.#########
#...hh@......#########
####g#####.....#.....##
#.# #.###.#.#..... #.#
#.# #......... #.#
#.###.#.#####. #.#
#.....#.# #. #.#
#######.# #. #.# #.# #.
#.# #.# #.


You could see 2 hounds and a gnoll.

Vanquished Creatures
  4 adders (D:2)
  An ooze (D:1)
  A dart slug (D:1)
  2 leopard geckos (D:1)
  2 giant cockroaches (D:1)
  5 goblins
  8 kobolds
  2 quokkas
  7 bats
  A frilled lizard (D:1)
  9 rats
42 creatures vanquished.

Notes
Turn   | Place    | Note
-------+----------+-------------------------------------------
     0 | D:1      | Alfie the Minotaur Hunter began the quest for the Orb.
     0 | D:1      | Reached XP level 1. HP: 18/18 MP: 0/0
   220 | D:1      | Reached XP level 2. HP: 25/25 MP: 1/1
   232 | D:1      | Reached skill level 5 in Bows
   648 | D:1      | Reached XP level 3. HP: 30/30 MP: 2/2
  1121 | D:2      | Reached skill level 1 in Stealth
  1209 | D:2      | Reached skill level 1 in Armour
  1476 | D:2      | Reached XP level 4. HP: 30/38 MP: 3/3
  1845 | D:3      | HP: 1/38 [hound (1)]
  1846 | D:3      | Succumbed to a gnoll's poison

Skill      XL: |  1  2  3 |
---------------+----------+-----
Bows           | 5 |  5.6
Stealth        | 1 |  1.1
Fighting       | 3 |  3.2
Armour         | 1 |  1.3
Dodging        | |  2.3

Action                   |  1- 3 |  4- 6 || total
-------------------------+-------+-------++-------
Melee: Short sword       |     1 |    12 ||    13
       Headbutt          |       |     1 ||     1
 Fire: Shortbow          |    93 |       ||    93
  Use: Scroll            |     5 |       ||     5
       Potion            |       |     1 ||     1
 Stab: Sleeping          |       |     1 ||     1
  Eat: Meat ration       |     1 |       ||     1
Armor: Leather armour    |     4 |     6 ||    10
Dodge: Dodged            |    21 |    11 ||    32
